 Dungeon Crawl Stone Soup version 0.28.0 (webtiles) character file.

Game seed: 6721237582456172884

1 SnakkuSnakku7 the Grave Robber (level 1, 0/13 HPs)
             Began as a Barachi Necromancer on Feb 15, 2022.
             Slain by a gnoll (4 damage)
             ... on level 1 of the Dungeon.
             The game lasted 00:00:12 (90 turns).

SnakkuSnakku7 the Grave Robber (Barachi Necromancer)  Turns: 90, Time: 00:00:13

Health: 0/13       AC:  2    Str:  9    XL:     1   Next: 20%
Magic:  0/3        EV: 12    Int: 15    God:
Gold:   11         SH:  0    Dex: 12    Spells: 3/4 levels left

rFire   . . .      SeeInvis .   (no weapon)
rCold   . . .      Faith    .   (no shield)
rNeg    . . .      Spirit   .   a - +0 robe
rPois   .          Reflect  .   (no helmet)
rElec   .          Harm     .   (no cloak)
rCorr   .          Rampage  .   (no gloves)
Will    .....                   (no boots)
Stlth   ++........              (no amulet)
HPRegen 0.04/turn               (no ring)
MPRegen 0.08/turn               (no ring)

@: slow
A: amphibious, slowness 1, strong legs 1, +LOS
a: Hop


You were on level 1 of the Dungeon.
You visited 1 branch of the dungeon, and saw 1 of its levels.

You collected 11 gold pieces.

Inventory:

Missiles
 b - a throwing net
Armour
 a - a +0 robe (worn)
Scrolls
 c - a scroll of summoning {unknown}


   Skills:
 - Level 2.1 Dodging
 - Level 1.7 Stealth
 - Level 2.1 Spellcasting
 + Level 3.6 Necromancy


You had 3 spell levels left.
You knew the following spells:

 Your Spells              Type           Power      Damage    Failure   Level
a - Pain                  Necr           48%        1d6       4%          1

Your spell library contained the following spells:

 Spells                   Type           Power      Damage    Failure   Level
 Animate Skeleton         Necr           24%        N/A       4%          1
 Vampiric Draining        Necr           12%        2d6       14%         3
 Animate Dead             Necr           6%         N/A       43%         4
 Agony                    Necr           12%        N/A       80%         5


Dungeon Overview and Level Annotations

Branches:
Dungeon (1/15)

Altars:


Innate Abilities, Weirdness & Mutations

You are amphibious.
You cover ground slowly.
You can hop short distances.
You have an extended range of vision and can be seen from far away.


Message History

The endoplasm is heavily wounded.
The endoplasm hits you.
You barely miss the endoplasm.
The endoplasm is heavily wounded.
The endoplasm closely misses you.
You hit the endoplasm.
The endoplasm is almost dead.
The endoplasm barely misses you.
You hit the endoplasm.
You kill the endoplasm!
You start resting.
Your magical contamination has completely faded away.
You start resting.
Magic restored.
There is a dry fountain here.
c - a scroll labelled JESTOO LOUQULYLAN A gnoll comes into view.
It is wielding a +0 spear.
The gnoll shouts!
The gnoll moves out of view.
A hobgoblin comes into view. x2
There are monsters nearby!
Aiming: Pain (safe; 4% risk of failure)
Press: ? - help, Q - select action, (/) - cycle Shift-Dir - straight line, f - gnoll
Aim: a gnoll, wielding a +0 spear (chance to affect: 75%)
The gnoll writhes in agony.
Unknown command.
Aiming: Pain (safe; 4% risk of failure)
Press: ? - help, Q - select action, (/) - cycle Shift-Dir - straight line, f/p - gnoll
Aim: a gnoll, wielding a +0 spear (lightly wounded, chance to affect: 75%)
The gnoll writhes in agony.
The gnoll misses you.
Unknown command.
Aiming: Pain (safe; 4% risk of failure)
Press: ? - help, Q - select action, (/) - cycle Shift-Dir - straight line, f/p - gnoll
Aim: a gnoll, wielding a +0 spear (lightly wounded, chance to affect: 75%)
The gnoll writhes in agony.
The gnoll hits you from afar with a +0 spear.
Unknown command.
The gnoll hits you from afar with a +0 spear.
You die...

♣. ♣♣. ♣. ♣.♣ ♣.♣♣♣♣.♣
♣..♣♣..♣ ###+#######
♣.♣.♣♣♣ #.........♣♣
♣...♣
+........♣.♣♣♣g⌠.♣
#........♣...♣...♣♣..♣
#........♣♣..@.....♣
#........#♣♣..8_8.♣♣
#........# ♣♣♣♣♣♣♣♣
#........# #
##.......#########...
#....................
#.#########..........
#. #..##########
##.#........


You could see a gnoll.

Vanquished Creatures
  An endoplasm (D:1)
1 creature vanquished.

Notes
Turn   | Place    | Note
-------+----------+-------------------------------------------
     0 | D:1      | SnakkuSnakku7 the Barachi Necromancer began the quest for
                  | the Orb.
     0 | D:1      | Reached XP level 1. HP: 13/13 MP: 3/3
    30 | D:1      | Found a faded altar of an unknown god.
    90 | D:1      | Slain by a gnoll

Illustrated notes

Levels and vault maps discovered:
D:1:      ebering_trefoil_twist, layout_basic,
          shapermc_ecumenical_altar_totnotflames

Action                   || total
-------------------------++-------
Melee: Unarmed           ||     4
 Cast: Pain              ||     5
Armor: Robe              ||     1
Dodge: Dodged            ||     3
